woodfighter, chaotic female orcish Cavewoman ----- ---- -- }}} |...| |..--|.----- ----}} ---- ---- |...----...--.....-- |..}}} ----|..| |..|-----|..................---.}}}- |(].-..----..|.).%.|---...................(}.| --------------- --- |(..|....|...-....)|..|.-----------+-....}.}.---.............|--- ----.-- |((.|........|.).)[|..|.| |....}}......--------|--.|..---.....-- -----..`.....-------|--.| |...}}}}.....|%%% |...|.|...|......>| |....................| |..}}}}}.....|%%% |...|.............----- --...........-+-----|-| |.}}}}}}.....|.. |---|..............|..| --...---)---..| |..| |.}}}}}......--|.--|...|.................| ---....|.)...|..| |..| |..}}}}}...........|...|................-- |......|)....|..- ---- |.}}}}}}}..........--|--...............-- |.#....|.._..|... .-+---.}}}}}}}-+---|-.........|............-- |......|.....|...------ |.....}}..}}}}|...............|..........--| --..#..--------..+...(| -...}}..}}}}.| |..|....----.|...<........| --.........- ---|..G@| |..}.}..}}}}.-------...-- ----.....-.---.--- ---.----.....- ------ |.}}}....}}}................| ----....| |...| |...| ......... -}}}.....}}}.-------..-------------.--- --..| ----- ----------- |}}}.---.}}}}.| |................| ---- |}}--- ---}}}}| ------------------ woodfighter the Young Cave Woman Experience level: 6 Strength: 16 Dexterity: 17 Constitution: 14 Intelligence: 9 Wisdom: 8 Charisma: 11 Health: 0(38) Energy: 20(20) Def: 6 Gold: 0 Moves: 2089 Dungeon seed: 9Rj85w6fWR54T8V6 Game ID: woodfighter_1475505212 Your Inventory: Weapons a - a +1 club (weapon in hand) b - a +2 sling (alternate weapon; not wielded) Armor n - an uncursed +0 orcish helm q - an uncursed +0 leather armor (being worn) r - an uncursed +0 orcish helm (being worn) z - an uncursed +0 dwarvish cloak A - an uncursed +0 dwarvish cloak B - an uncursed +0 pair of iron shoes C - a blessed +1 dwarvish cloak (being worn) D - an uncursed +0 pair of iron shoes (being worn) N - a cursed -2 pair of iron shoes Y - a cursed +0 dwarvish cloak Comestibles d - an uncursed mango k - an uncursed carrot s - an uncursed banana G - 2 uncursed food rations K - an uncursed orange Spellbooks j - an uncursed spellbook of invisibility l - an uncursed spellbook of turn undead Wands g - a wand of fire (0:5) o - a wand of secret door detection (0:12) Tools t - an uncursed stethoscope y - an uncursed credit card J - an uncursed magic lamp Gems e - 10 uncursed flints (in quiver) Spells and supernatural/magical abilities: Name Level Category Fail Memory W - pray for help -- divine ? -- Your skills at the end: Miscellaneous Skills bare handed combat [Basic] Weapon Skills scimitar [Basic] club [Basic] sling [Basic] Spellcasting Skills Final Attributes: You were piously aligned. You were poison resistant. You had infravision. You were somewhat stealthy. You are dead. Vanquished creatures: a small mimic a gnome king 7 gnome lords a gnomish wizard 4 dwarves 3 hobbits an acid blob 2 giant rats a brown mold a red mold 15 gnomes 3 jackals a kobold 2 newts 2 goblins 5 grid bugs a bat 2 lichens 53 creatures vanquished. Voluntary challenges: You did not adorn yourself with jewelry or accessories. You did not cause conflict. You were not invisible. You did not have reflection. You were not displaced. You used a wielded weapon 86 times, starting on turn 5. You did not apply a unicorn horn. You did not use plumbed fixtures. You did not drink any magical draughts. You were illiterate. You never genocided any monsters. You never polymorphed an object. You never changed form. You used no wishes. You never split a pudding. You never wrote Elbereth's name. You never violated your personal moral code. Dungeon overview: The Dungeons of Doom: levels 1 to 3 Level 1 (locked + water) a fountain a long staircase Level 2 some fountains stairs to The Gnomish Mines Level 3 The Gnomish Mines: levels 3 to 6 Level 3 stairs to The Dungeons of Doom Level 4 Level 5 <- You were here some shops, a temple to Ishtar, a magic chest, some trees Level 6 History has recorded: On T:1 you entered the Dungeons of Doom to retrieve the Amulet of Yendor! On T:514 you advanced to experience level 2. On T:635 you reached level 2 of The Dungeons of Doom. On T:674 you reached level 1 of The Gnomish Mines. On T:990 you reached level 3 of The Dungeons of Doom. On T:1160 you advanced to experience level 3. On T:1188 you advanced to experience level 4. On T:1220 you reached level 2 of The Gnomish Mines. On T:1404 you advanced to experience level 5. On T:1651 you prayed to Anshar. On T:1710 you reached level 3 of The Gnomish Mines. On T:1755 you advanced to experience level 6. On T:1863 you entered the Minetown temple On T:1879 you opened a magic chest. On T:2013 you reached level 4 of The Gnomish Mines. Score breakdown: Gold: 0 ( 0 points) Experience: 6 levels ( 500 points) Exploration: 6 levels ( 150 points) Discoveries: 9 items ( 450 points) Variety of kills: 18 monsters ( 900 points) Major goal: reached Minetown ( 500 points) Survival: died (score multiplied by 3) Total score: 7500 Latest messages: The gnomish wizard points at you, then curses. The door opens. The quantum mechanic punches you! Your position suddenly seems very uncertain! This door is locked. You succeed in picking the lock. The door opens. You hear crashing rock. The red naga hatchling bites! You hit the red naga hatchling. The red naga hatchling bites! You hit the red naga hatchling! The red naga hatchling bites! You hit the red naga hatchling. The red naga hatchling misses. The quantum mechanic punches you! Your position suddenly seems very uncertain! You hit the gnome king! The gnome king wields a thonged club named Club of Reckoning! You hit the gnome king! The gnome king swings his thonged club named Club of Reckoning at the cavewoman. The gnome king hits you! You hit the gnome king! The gnome king swings his thonged club named Club of Reckoning at the cavewoman. The gnome king hits you! You die... Final status: Goodbye woodfighter the Cavewoman, killed by a gnome king... You died in The Gnomish Mines on dungeon level 5 with 7500 points, and 0 pieces of gold, after 2089 moves. You were level 6 with a maximum of 38 hit points when you died.